 Dungeon Crawl Stone Soup version 0.23.0-3-gf3c87f2df8 (webtiles) character file.

Game seed: 17244909908605462053

6043 Sondor the Carver (level 10, -17/141 HPs)
             Began as a Demonspawn Chaos Knight on Feb 20, 2019.
             Was a Plaything of Xom.
             Demolished by a large slime creature (28 damage)
             ... on level 10 of the Dungeon.
             The game lasted 00:34:34 (9744 turns).

Sondor the Carver (Demonspawn Chaos Knight)         Turns: 9744, Time: 00:34:35

Health: -17/141    AC: 25    Str: 16 (18) XL:     10   Next: 57%
Magic:  11/11      EV:  2    Int: 17 (20) God:    Xom [*.....]
Gold:   725        SH: 11    Dex: 26 (27) Spells: 10/11 levels left

rFire    . . .     SeeInvis .   n - +10 long sword of the Harvest {slice, rPois Int+4}
rCold    . . .     Gourm    .   e - +1 shield
rNeg     + + +     Faith    .   (armour currently unavailable)
rPois    +         Spirit   .   (helmet currently unavailable)
rElec    .         Reflect  .   (cloak currently unavailable)
rCorr    .         Harm     .   (gloves currently unavailable)
MR       .....     NoTele   +   (boots unavailable)
Stlth    ++++++....             j - amulet of magic regeneration
HPRegen  0.33/turn              w - +2 ring of intelligence
MPRegen  0.37/turn              h - +5 ring of dexterity

@: mighty, agile, tree-form (expiring), hasted, very quick
A: thin skeletal structure 2, powered by pain 2, robust 2, weak 1, MP-powered
wands
a: Renounce Religion


You were on level 10 of the Dungeon.
You worshipped Xom.
You were a special plaything of Xom.
You were not hungry.
You were a tree.
You visited 2 branches of the dungeon, and saw 11 of its levels.

You collected 725 gold pieces.

Inventory:

Hand Weapons
 a - a +0 falchion of chaos
 d - a +4 dagger
 n - the +10 long sword of the Harvest (weapon) {slice, rPois Int+4}
   (Xom gifted it to you on level 5 of the Dungeon)

   It inflicts extra damage upon your enemies.
   It affects your intelligence (+4).
   It protects you from poison.
Armour
 b - a +3 leather armour (melded)
 e - a +1 shield (worn)
 g - a +2 pair of gloves (melded)
 z - a +0 cloak (melded)
Jewellery
 h - a +5 ring of dexterity (right branch)
 j - an amulet of magic regeneration (around neck)
 w - a +2 ring of intelligence (left branch)
Wands
 f - a wand of flame (5)
 v - a wand of acid (4)
Scrolls
 k - a scroll of magic mapping
 l - a scroll of enchant weapon
Potions
 m - a potion of haste
 s - a potion of flight
 u - a potion of degeneration
 x - a potion of cancellation
Comestibles
 c - 9 rations


   Skills:
 + Level 7.6 Fighting
 + Level 9.8 Long Blades
 + Level 4.7 Armour
 + Level 4.6 Dodging
 + Level 5.2 Stealth
 + Level 2.8 Shields
 + Level 1.2 Spellcasting
 + Level 1.1 Hexes
 + Level 2.4 Evocations


You had 10 spell levels left.
You knew the following spells:

 Your Spells              Type           Power        Failure   Level  Hunger
a - Corona                Hex            #......      54%         1    ##.....

Your spell library contained the following spells:

 Spells                   Type           Power        Failure   Level  Hunger
 Ensorcelled Hibernation  Hex/Ice        #.....       77%         2    ###....
 Poisonous Vapours        Pois/Air       #.....       83%         2    ###....
 Confuse                  Hex            #.......     88%         3    ####...
 Tukima's Dance           Hex            #.......     88%         3    ####...
 Dazzling Spray           Conj/Hex       #.....       94%         3    ####...
 Conjure Flame            Conj/Fire      #.......     97%         3    ####...
 Mephitic Cloud           Conj/Pois/Air  #.......     97%         3    ####...
 Bolt of Magma            Conj/Fire/Erth #.........   100%        5    ######.
 Iskenderun's Battlesphe  Conj/Chrm      #.......     100%        5    ######.
 Venom Bolt               Conj/Pois      #.........   100%        5    ######.
 Freezing Cloud           Conj/Ice/Air   #.........   100%        6    #######
 Iron Shot                Conj/Erth      #.........   100%        6    #######
 Orb of Destruction       Conj           #.........   100%        7    #######
 Ring of Flames           Chrm/Fire      #.........   100%        7    #######
 Spellforged Servitor     Conj/Summ      #.........   100%        7    #######


Dungeon Overview and Level Annotations

Branches:
Dungeon (10/15)            Temple (0/1) D:6            Lair (0/6) D:9
    Orc (2/2) D:9
    Elf: Orc:2

Altars:
Ashenzari
Dithmenos
Makhleb
Nemelex Xobeh
Ru
Trog
Xom

Annotations:
D:10 Urug


Innate Abilities, Weirdness & Mutations

((You have hooves in place of feet.))
You have a moderately thin skeletal structure. (Dex +4, Stealth+)
You sometimes gain power by taking damage.
((You have sharp fingernails.))
((You have a pair of small horns on your head.))
You are very robust. (+20% HP)
((You are covered in fur. (AC +1)))
You are weak. (Str -2)
You expend magic power (3 MP) to strengthen your wands.


Message History

The soldier ant stings you but does no damage.
You closely miss the kobold.
The soldier ant stings you but does no damage.
You block the queen ant's attack.
The worker ant bites the soldier ant but does no damage.
The worker ant bites you but does no damage.
You completely miss the kobold.
The large slime creature hits you but does no damage.
The kobold hits you.
* * * LOW HITPOINT WARNING * * *
You block the soldier ant's attack.
The slime creature hits you but does no damage.
The queen ant stings you!
* * * LOW HITPOINT WARNING * * *
You block the soldier ant's attack. You block the worker ant's attack.
You barely miss the kobold.
Your transformation is almost over.
You block the kobold's attack. The large slime creature hits you!!
You die...
Xom cackles wildly!

,,,, ,,,,, **,,, , * ,,,, **
,*,** ,..##.##..,.#.,, ,,,* *
.#.*##.....#.....##.., , * * *,,
.#a##...a.........#.., *, * ,*
...#.(.............#**,*,, * ,*
,#............%....# *,, ,,., ,,
#.............aKa.# ** ,.., **,
*#..§......(..aaa.# *,..,,,* , *
#§§.§......KJ♣Ka#####.#**,,,,. *
#§§§.......KaJaa##....# **,,..
#§§§§........aa#y..##### ** ..
*#§§§....#.....##..._...## *...
*
#§§§#§.########...###...<###...
##.#§##.######...#####....#(....
,KK.............### #.....(..#*,
.K..##..#.####### #.####...###
..##*##.#..# *#,* #(#....


You could see a queen ant, a large slime creature, a slime creature, 7 soldier
ants, a big kobold, 3 worker ants, a killer bee and 3 kobolds.

Vanquished Creatures
  A two-headed ogre (D:9)
  Psyche (D:8)
  4 trolls
  A slime creature (D:10)
  A spriggan (D:9)
  3 wargs
  A soldier ant (D:10)
  2 sky beasts
  3 orc warriors (D:9)
  A phantom (D:8)
  3 black bears (D:8)
  A wolf (D:9)
  3 ogres
  2 centaurs
  6 bullfrogs
  2 big kobolds (D:9)
  3 gnoll sergeants (D:9)
  A scorpion (D:9)
  2 killer bees (D:10)
  2 crimson imps
  A bullfrog zombie (D:9)
  2 jellies
  3 orc priests
  5 hounds
  3 iguanas
  2 bullfrog skeletons
  5 orc wizards
  4 worker ants
  A killer bee zombie (D:8)
  A hound skeleton (D:8)
  A worker ant zombie (D:5)
  6 adders
  12 gnolls
  A shadow imp (D:5)
  2 adder zombies
  2 worms (D:4)
  4 dart slugs
  8 leopard geckos
  35 orcs
  4 giant cockroaches
  11 goblins
  2 hobgoblins
  15 jackals
  3 quokkas
  A ball python (D:1)
  5 bats
  3 frilled lizards
  10 kobolds
  A leopard gecko skeleton (D:4)
  2 rats
198 creatures vanquished.

Vanquished Creatures (collateral kills)
  2 orc warriors (D:9)
  A gnoll sergeant (D:9)
  A worker ant (D:10)
  3 gnolls
  An orc (Orc:1)
  A jackal (D:4)
  A kobold (D:2)
10 creatures vanquished.

Vanquished Creatures (others)
  A giant cockroach (D:1)
  A goblin (D:1)
  A hobgoblin (D:1)
3 creatures vanquished.

Grand Total: 211 creatures vanquished

Notes
Turn   | Place    | Note
-------+----------+-------------------------------------------
     0 | D:1      | Sondor the Demonspawn Chaos Knight began the quest for the
                  | Orb.
     0 | D:1      | Reached XP level 1. HP: 18/18 MP: 1/1
   146 | D:1      | XOM: silly message
   149 | D:1      | XOM: harmless Ice miscast
   150 | D:1      | Gained mutation: You sometimes gain a little power by
                  | taking damage. [demonic ancestry]
   150 | D:1      | Reached XP level 2. HP: 22/24 MP: 2/2
   221 | D:1      | XOM: mild Pois miscast
   261 | D:1      | Reached skill level 3 in Long Blades
   274 | D:1      | XOM: summons 1 hostile demon
   552 | D:1      | XOM: destruction
   726 | D:1      | Reached XP level 3. HP: 29/29 MP: 3/3
   970 | D:1      | XOM is BORED!
   970 | D:1      | XOM: mild Conj miscast
  1033 | D:1      | XOM is BORED!
  1033 | D:1      | XOM: give mutations
  1033 | D:1      | Gained mutation: Scrolls take you a little longer to read.
                  | [Xom's mischief]
  1033 | D:1      | Lost mutation: Scrolls take you a little longer to read.
                  | [Xom's mischief]
  1033 | D:1      | Gained mutation: Scrolls take you a little longer to read.
                  | [Xom's mischief]
  1033 | D:1      | Gained mutation: You are weak. (Str -2) [Xom's mischief]
  1171 | D:2      | XOM: smoke on damage
  1210 | D:2      | XOM: butterfly on damage
  1214 | D:2      | Lost mutation: Scrolls take you a little longer to read.
                  | [potion of mutation]
  1214 | D:2      | Lost mutation: You are weak. (Str -2) [potion of mutation]
  1214 | D:2      | Gained mutation: You are robust. (+10% HP) [potion of
                  | mutation]
  1214 | D:2      | Gained mutation: Scrolls take you a little longer to read.
                  | [potion of mutation]
  1214 | D:2      | Gained mutation: You are very robust. (+20% HP) [potion of
                  | mutation]
  1214 | D:2      | Reached skill level 1 in Dodging
  1224 | D:2      | XOM: cast spell 'Summon Mana Viper'
  1229 | D:2      | Gained mutation: You have large cloven feet. [demonic
                  | ancestry]
  1229 | D:2      | Reached XP level 4. HP: 21/44 MP: 4/4
  1515 | D:2      | Found a burning altar of Makhleb.
  1589 | D:2      | XOM: silly message
  2018 | D:2      | Found a shimmering altar of Xom.
  2021 | D:2      | Found a sacrificial altar of Ru.
  2108 | D:3      | Found a sparkling altar of Nemelex Xobeh.
  2193 | D:3      | XOM: cloud trail
  2295 | D:3      | XOM: mild Chrm miscast
  2319 | D:3      | Reached skill level 4 in Long Blades
  2322 | D:3      | XOM: divination: detect items
  2350 | D:3      | XOM: silly message
  2353 | D:3      | Gained mutation: You have a somewhat thin skeletal
                  | structure. (Dex +2, Stealth) [demonic ancestry]
  2353 | D:3      | Reached XP level 5. HP: 12/50 MP: 5/5
  2775 | D:3      | Noticed an ogre
  2777 | D:3      | XOM: harmless Tmut miscast
  2783 | D:3      | Killed an ogre
  2783 | D:3      | Reached skill level 1 in Stealth
  3233 | D:4      | Gained mutation: You have hoof-like feet. [demonic
                  | ancestry]
  3233 | D:4      | Reached XP level 6. HP: 55/57 MP: 6/6
  3276 | D:4      | Reached skill level 5 in Long Blades
  3371 | D:4      | XOM: noise
  3486 | D:4      | XOM: summons friendly crimson imp
  3642 | D:4      | You fall through a shaft!
  3642 | D:5      | Entered Level 5 of the Dungeon
  3699 | D:5      | Noticed a sky beast
  3710 | D:5      | Killed a sky beast
  3710 | D:5      | Reached skill level 1 in Shields
  3710 | D:5      | Reached XP level 7. HP: 48/64 MP: 7/7
  3772 | D:5      | XOM: god gift: warped long sword {god gift}
  3775 | D:5      | Got a warped long sword {god gift}
  3778 | D:5      | Identified the +10 long sword of the Harvest {slice, rPois
                  | Int+4} (Xom gifted it to you on level 5 of the Dungeon)
  3800 | D:5      | Lost mutation: Scrolls take you a little longer to read.
                  | [potion of mutation]
  3800 | D:5      | Lost mutation: You are very robust. (+20% HP) [potion of
                  | mutation]
  3800 | D:5      | Gained mutation: You are very robust. (+20% HP) [potion of
                  | mutation]
  3800 | D:5      | Gained mutation: You are covered in fur. (AC +1) [potion of
                  | mutation]
  3800 | D:5      | Gained mutation: You are extremely robust. (+30% HP)
                  | [potion of mutation]
  3856 | D:5      | Found a shadowy altar of Dithmenos.
  3894 | D:5      | XOM: polymorph hound -> iguana
  3936 | D:5      | XOM: give mutations
  3936 | D:5      | Gained mutation: You are clumsy. (Dex -2) [Xom's mischief]
  3936 | D:5      | Gained mutation: You have a pair of small horns on your
                  | head. [Xom's mischief]
  3945 | D:5      | XOM: give mutation
  3945 | D:5      | Lost mutation: You are extremely robust. (+30% HP) [Xom's
                  | mischief]
  4174 | D:5      | Reached skill level 6 in Long Blades
  4235 | D:5      | Found a shattered altar of Ashenzari.
  4536 | D:6      | XOM: enchant monster (bad)
  4654 | D:6      | XOM: summons 3 hostile demons
  4674 | D:6      | Found a staircase to the Ecumenical Temple.
  4768 | D:6      | Reached skill level 5 in Fighting
  4997 | D:6      | You fall through a shaft for 2 floors!
  5027 | D:8      | Noticed a troll
  5027 | D:8      | XOM: confuse monster(s)
  5028 | D:8      | XOM: summons 1 hostile demon
  5043 | D:8      | Gained mutation: You sometimes gain power by taking damage.
                  | [demonic ancestry]
  5043 | D:8      | Reached XP level 8. HP: 71/74 MP: 8/8
  5054 | D:8      | Killed a troll
  5296 | D:8      | XOM: noise
  5367 | D:8      | XOM: summons 2 hostile demons
  5555 | D:8      | XOM: summons 4 hostile demons
  5561 | D:8      | Reached skill level 7 in Long Blades
  5597 | D:8      | Noticed Psyche
  5607 | D:8      | Killed Psyche
  5607 | D:8      | Gained mutation: You have a moderately thin skeletal
                  | structure. (Dex +4, Stealth+) [demonic ancestry]
  5607 | D:8      | Reached XP level 9. HP: 55/82 MP: 9/9
  5891 | D:8      | Found a bloodstained altar of Trog.
  5940 | D:8      | Found a bloodstained altar of Trog.
  6325 | D:8      | XOM: summons 3 hostile shadow creatures
  6326 | D:8      | Noticed a two-headed ogre
  6345 | D:8      | XOM: god gift: 50 gold pieces
  6655 | D:8      | XOM: divination: detect items
  6739 | D:8      | XOM: scenery: create altars
  6958 | D:8      | XOM: give mutations
  6958 | D:8      | Lost mutation: You are clumsy. (Dex -2) [Xom's mischief]
  6958 | D:8      | Gained mutation: You are weak. (Str -2) [Xom's mischief]
  6958 | D:8      | Lost mutation: You have a pair of small horns on your head.
                  | [Xom's mischief]
  6958 | D:8      | Gained mutation: You have hooves in place of feet. [Xom's
                  | mischief]
  7099 | D:8      | XOM: god gift: 51 gold pieces
  7197 | D:8      | XOM: mild Conj miscast
  7324 | D:9      | XOM: polymorph bullfrog -> wolf
  7330 | D:9      | Reached skill level 8 in Long Blades
  7486 | D:9      | Reached skill level 1 in Evocations
  7711 | D:9      | XOM: mild Tloc miscast
  7748 | D:9      | XOM: mild Ice miscast
  7787 | D:9      | XOM: give mutations
  7787 | D:9      | Gained mutation: You expend magic power (3 MP) to
                  | strengthen your wands. [Xom's grace]
  7787 | D:9      | Gained mutation: You have a pair of small horns on your
                  | head. [Xom's grace]
  7787 | D:9      | Gained mutation: You have sharp fingernails. [Xom's grace]
  7989 | D:9      | Noticed a troll
  8173 | D:9      | Found a staircase to the Lair.
  8220 | D:9      | XOM: cast spell 'Summon Small Mammal'
  8222 | D:9      | Killed a troll
  8320 | D:9      | Learned a level 1 spell: Corona
  8338 | D:9      | Noticed a two-headed ogre
  8349 | D:9      | Killed a two-headed ogre
  8349 | D:9      | Reached skill level 9 in Long Blades
  8349 | D:9      | Reached XP level 10. HP: 44/94 MP: 9/11
  8658 | D:9      | Found a staircase to the Orcish Mines.
  8659 | D:9      | XOM: potion effect (haste)
  8678 | D:9      | XOM: summons 6 friendly demons
  8705 | D:9      | XOM: confuse monster(s)
  8724 | D:9      | Reached skill level 1 in Spellcasting
  8731 | D:9      | Reached skill level 5 in Stealth
  8735 | D:9      | XOM: cast spell 'Cause Fear'
  9015 | Orc:1    | Entered Level 1 of the Orcish Mines
  9095 | Orc:1    | Noticed an orc warlord
  9097 | Orc:1    | Noticed an orc sorcerer
  9097 | Orc:1    | Noticed an orc sorcerer
  9115 | Orc:2    | Entered Level 2 of the Orcish Mines
  9119 | Orc:2    | Reached skill level 1 in Hexes
  9421 | Orc:1    | XOM: cast spell 'Summon Dragon'
  9428 | Orc:1    | Noticed an orc sorcerer
  9580 | D:10     | Entered Level 10 of the Dungeon
  9585 | D:10     | XOM: noise
  9592 | D:10     | Noticed Urug
  9593 | D:10     | XOM: confusion (+ monsters)
  9599 | D:10     | Noticed a two-headed ogre
  9720 | D:10     | XOM is BORED!
  9720 | D:10     | XOM: swap monsters
  9722 | D:10     | Noticed a queen ant
  9731 | D:10     | XOM: divination: magic mapping
  9734 | D:10     | XOM: scenery: create altars
  9744 | D:10     | Demolished by a large slime creature

Skill      XL: |  1  2  3  4  5  6  7  8  9 10 |
---------------+-------------------------------+-----
Armour         | 2 3 4 |  4.7
Long Blades    | 3 4 5 6 7 9 |  9.8
Dodging        | 1 3 4 |  4.6
Fighting       | 4 5 6 7 |  7.6
Stealth        | 1 2 3 4 5 |  5.2
Shields        | 1 2 |  2.8
Evocations     | 1 2 |  2.4
Spellcasting   | 1 |  1.2
Hexes          | 1 |  1.1

Action                   |  1- 3 |  4- 6 |  7- 9 | 10-12 || total
-------------------------+-------+-------+-------+-------++-------
Melee: Falchion          |    79 |   134 |       |       ||   213
       Kick              |       |    40 |    60 |    25 ||   125
       Long sword        |       |       |   237 |    60 ||   297
       Headbutt          |       |       |    25 |     9 ||    34
 Cast: Corona            |       |       |     2 |       ||     2
Evoke: Wand              |       |     2 |    10 |    14 ||    26
  Use: Potion            |     2 |     2 |     3 |    11 ||    18
       Scroll            |     1 |       |    14 |     5 ||    20
 Stab: Petrifying        |       |     2 |       |       ||     2
       Petrified         |       |     2 |       |       ||     2
       Sleeping          |       |     4 |     8 |       ||    12
       Confused          |       |       |     2 |     3 ||     5
  Eat: Ration            |     1 |     1 |     3 |     1 ||     6
       Chunk             |       |     2 |     6 |       ||     8
Armor: Leather armour    |    49 |    39 |    67 |    30 ||   185
       Skin              |       |       |       |    44 ||    44
Dodge: Dodged            |    93 |    39 |   123 |    75 ||   330
Block: Large shield      |       |    14 |    52 |       ||    66
       Shield            |       |       |       |    54 ||    54
       Rpst.: Falchion   |    32 |    12 |       |       ||    44
       Long sword        |       |       |    33 |    23 ||    56
